[Event "4th Tata Steel India Blitz Women 2022"]
[Site "Kolkota"]
[Date "2022.12.04"]
[Round "16.4"]
[White "Muzychuk, Anna"]
[Black "Harika, Dronavalli"]
[Result "0-1"]
[ECO "B30"]
[WhiteElo "2525"]
[BlackElo "2507"]
[Annotator "TA"]
[PlyCount "60"]
[EventDate "2022.11.29"]
[EventType "tourn"]
[EventCountry "IND"]
[SourceTitle "playchess.com"]
[Source "ChessBase"]
[SourceQuality "1"]
[TimeControl "180+2"]

1. e4 c5 2. Nf3 Nc6 3. Bb5 e5 4. O-O Bd6 5. c3 a6 6. Ba4 {[%emt 0:00:07] B30: Sicilian: 2...Nc6 3 Bb5, lines without ...g6.} b5 {[%emt 0:00:02] Inhibits d4.} 7. Bc2 Nge7 8. d4 {[%emt 0:00:05] White is slightly better.} cxd4 9. cxd4 exd4 10. Nxd4 Nxd4 11. Qxd4 Qc7 12. Nc3 (12. Qxg7 Bxh2+ 13. Kh1 Be5 $17) 12... Bxh2+ 13. Kh1 Be5 {[%emt 0:00:01] Inhibits f4.} 14. Qd3 Bb7 {[%emt 0:00:35] [#]} 15. Bd2 $146 ({Predecessor:} 15. f4 Bxc3 16. bxc3 Qc4 17. Qxc4 bxc4 18. Ba3 Bc6 19. Rab1 h5 20. f5 h4 21. Kh2 {0-1 (44) Estrada Nieto,J (2260)-Gascon del Nogal,J (2461) Chess.com INT 2022}) 15... Qd6 16. Qe2 (16. Qxd6 $15 Bxd6 17. f3) 16... Rc8 $17 {[%emt 0:00:12] Hoping for ...b4. Black is more active.} 17. Bb3 O-O (17... Bf4 18. Bxf4 Qxf4 19. Rfd1 $15) 18. Rad1 Qf6 ({Black should play} 18... Qg6 $17 {[%cal Oc8c3] White must now prevent ...Rxc3!} 19. Rfe1 b4) 19. f4 (19. Qg4 $15 {is more appropriate.}) 19... Bd4 20. Rf3 ({Better is} 20. Qh5) 20... Ng6 $2 (20... Rfe8 $17 {Threatens to win with ...b4.} 21. Qd3 b4) 21. Bd5 {[%emt 0:00:11] Inhibits b4.} Bc6 $36 {[%emt 0:00:09][%mdl 2048] With the idea ...Bxc3. Black fights for an advantage.} 22. a3 $2 {[%emt 0:00:21] [#]} (22. f5 $11) 22... Rfe8 $2 (22... Bxc3 $1 $19 23. Bxc3 Qh4+ 24. Kg1 Bxd5 25. exd5 Rfe8) 23. Qd3 $11 Bxc3 24. Bxc3 Qh4+ 25. Kg1 $2 {[%emt 0:00:06][%mdl 8192] [#]} (25. Rh3 $11 Qg4 26. Rg3 (26. Bxc6 $2 dxc6 27. Rf1 Nxf4 $19) 26... Qh4+ 27. Rh3) 25... Bxd5 $1 $19 ({Not} 25... Nxf4 26. g3 Nxd3 27. Bxf7+ Kh8 28. gxh4 $14) 26. Qxd5 Nxf4 27. Qd2 Ne6 (27... Rxe4 $19 {...Ne2+ is the strong threat.} 28. Re1 Rce8 29. Rxe4 Rxe4) 28. Qxd7 Ng5 {[%emt 0:00:09] Chess con chili.} ({Much less strong is} 28... Qxe4 29. Qxf7+ Kh8 30. Rg3 $18) 29. Rfd3 Nxe4 ({Weaker is} 29... Qxe4 30. Re1 Qa8 31. Rxe8+ Rxe8 32. Rd6) 30. Qxc8 $2 (30. Rf3 Qh5 31. a4) 30... Rxc8 {[%emt 0:00:02] Weighted Error Value: White=0.68/Black=0.31} 0-1

[Event "4th Tata Steel India Blitz Women 2022"]
[Site "Kolkota"]
[Date "2022.12.04"]
[Round "17.1"]
[White "Dzagnidze, Nana"]
[Black "Muzychuk, Anna"]
[Result "1/2-1/2"]
[ECO "D32"]
[WhiteElo "2517"]
[BlackElo "2525"]
[Annotator "TA"]
[PlyCount "43"]
[EventDate "2022.11.29"]
[EventType "tourn"]
[EventCountry "IND"]
[SourceTitle "playchess.com"]
[Source "ChessBase"]
[SourceQuality "1"]
[TimeControl "180+2"]

1. d4 d5 2. c4 e6 3. Nc3 c5 4. cxd5 cxd4 5. Qxd4 Nc6 6. Qa4 exd5 7. Nf3 {[%emt 0:00:03] D32: Tarrasch Defence: Sidelines and lines without g3.} d4 $1 8. Nb5 Bb4+ (8... Nf6 $15) 9. Bd2 $11 Bxd2+ 10. Nxd2 Nge7 (10... Be6 $5 ) 11. Nf3 {[%emt 0:00:10][%cal Rb5d4] [#]} Nf5 $146 ({Predecessor:} 11... O-O 12. Nbxd4 Nxd4 13. Qxd4 Qa5+ 14. Qd2 Qb6 15. e3 Rd8 16. Nd4 Nc6 17. Rd1 Nxd4 18. exd4 {½-½ (46) Lewandowska,K (2145)-Limbach,R (2145) Mamaia 1991}) 12. Rd1 {[%emt 0:00:15][%cal Og2g4] Threatens to win with g4!} (12. g4 $5 Nfe7 13. Bg2 $14 (13. Nfxd4 O-O $11)) 12... O-O 13. e3 {[%emt 0:00:10] [#]} (13. e4 $11) 13... Qb6 (13... Bd7 $1 $17 14. Bd3 (14. Nfxd4 $2 {too greedy.} Ncxd4 15. Rxd4 Nxd4 $19) 14... a6 15. Bxf5 (15. Nbxd4 $2 Ncxd4 16. Qb4 a5 $19) 15... axb5) 14. Nbxd4 {[%emt 0:00:18] The position is equal.} Ncxd4 15. Nxd4 Qxb2 16. Qb3 {[%emt 0:00:20] Prevents Qc3+.} Qxb3 17. axb3 (17. Nxb3 {simplifies} Be6 18. Bb5 Rfd8 19. O-O) 17... Rd8 18. Nxf5 {[%emt 0:00:20][%cal Rd1d8] [#]} Rxd1+ 19. Kxd1 Bxf5 20. Bc4 Kf8 21. Ke2 Ke7 22. Bd5 {[%emt 0:00:17] Weighted Error Value: White=0.25 (precise) /Black=0.21 (precise)} 1/2-1/2

[Event "4th Tata Steel India Blitz Women 2022"]
[Site "Kolkota"]
[Date "2022.12.04"]
[Round "17.2"]
[White "Ushenina, Anna"]
[Black "Savitha Shri B"]
[Result "1/2-1/2"]
[ECO "D78"]
[WhiteElo "2454"]
[BlackElo "2411"]
[Annotator "TA"]
[PlyCount "107"]
[EventDate "2022.11.29"]
[EventType "tourn"]
[EventCountry "IND"]
[SourceTitle "playchess.com"]
[Source "ChessBase"]
[SourceQuality "1"]
[TimeControl "180+2"]

1. d4 Nf6 2. c4 g6 3. g3 c6 4. Bg2 d5 5. Nf3 Bg7 6. O-O O-O 7. Ne5 {[%emt 0:00:02] 7.Nc3 is the recent fashion.} Nbd7 (7... Ng4 $5 ) 8. Bf4 {[%emt 0:00:19] D78: Fianchetto Grünfeld: 6 0-0 c6.} (8. Nc3 $14) 8... Nh5 {[%emt 0:00:08] [#]} 9. Nxd7 $146 ({Predecessor:} 9. cxd5 cxd5 10. Bxd5 Nxf4 11. gxf4 Nxe5 12. dxe5 Bh3 13. Bg2 Bxg2 14. Kxg2 Qb6 15. Qb3 Qxb3 16. axb3 {1-0 (39) Valmana Canto,J (2323)-Batista Yanez,J (2008) Lanzarote 2018}) 9... Bxd7 10. cxd5 {[%emt 0:00:06] Black is slightly better.} Nxf4 11. gxf4 cxd5 12. e3 e6 13. Qb3 Bc6 14. Nc3 Kh8 15. Rac1 g5 16. fxg5 $1 Qxg5 {[%emt 0:00:01][%cal Og7d4] And now ...Bxd4! would win.} 17. f4 Qf5 18. Qc2 {[%emt 0:00:02] Threatens to win with Qxf5.} Qg6 19. Kh1 Rg8 20. Bf3 Bf6 21. Rg1 Qh6 22. a3 $1 Qh3 23. Qe2 a6 24. Rxg8+ Rxg8 25. Rg1 Rxg1+ 26. Kxg1 Qh4 27. Qf2 Qh6 28. Qg2 Qg6 29. Bd1 Qd3 30. Qe2 Qg6+ (30... Qxe2 {simplifies} 31. Nxe2 Kg7 32. Kf2 Kf8) 31. Qg2 Kg7 32. Bc2 Qxg2+ 33. Kxg2 $11 {[%emt 0:00:01][%mdl 4096] Endgame KBB-KBN} Bh4 34. Kf1 h6 35. Bd3 Kf6 36. b4 Ke7 37. Ne2 Kf8 38. Ng1 Be7 39. Nf3 Be8 40. Ne5 f6 41. Ng6+ {[%emt 0:00:03] The position is equal.} Bxg6 42. Bxg6 {[%emt 0:00:01] KB-KB} a5 43. bxa5 Bxa3 44. Bd3 Bb4 45. a6 bxa6 46. Bxa6 Bd2 47. Ke2 Bc1 48. Bc8 Ke7 49. Kf2 Kd6 50. Ke2 e5 51. fxe5+ fxe5 52. dxe5+ Kxe5 53. Kf3 $1 Bd2 54. h3 {[%emt 0:00:02] Weighted Error Value: White=0.06 (flawless) /Black=0.05 (flawless)} 1/2-1/2

[Event "4th Tata Steel India Blitz Women 2022"]
[Site "Kolkota"]
[Date "2022.12.04"]
[Round "17.3"]
[White "Kiolbasa, Oliwia"]
[Black "Vaishali, Rameshbabu"]
[Result "0-1"]
[ECO "C79"]
[WhiteElo "2406"]
[BlackElo "2454"]
[Annotator "TA"]
[PlyCount "90"]
[EventDate "2022.11.29"]
[EventType "tourn"]
[EventCountry "IND"]
[SourceTitle "playchess.com"]
[Source "ChessBase"]
[SourceQuality "1"]
[TimeControl "180+2"]

1. e4 e5 2. Nf3 Nc6 3. Bb5 a6 4. Ba4 d6 5. O-O Bd7 6. d4 Nf6 7. Bxc6 Bxc6 8. Re1 Be7 9. Nc3 exd4 10. Nxd4 O-O 11. b3 {[%emt 0:00:01] C79: Ruy Lopez: Steinitz-type lines with 3...a6 4 Ba4 Nf6 5 0-0 d6.} Nd7 12. Bb2 Bf6 {[%emt 0:00:04] [#]} 13. h3 $146 {[%emt 0:00:14] White is slightly better.} ({Predecessor:} 13. Nxc6 bxc6 14. Na4 Re8 15. Qd2 Bxb2 16. Nxb2 Qf6 17. Rab1 a5 18. a4 Nc5 19. f3 {½-½ (59) Ragger,M (2696)-Ovsejevitsch,S (2603) Switzerland 2019}) 13... Re8 14. Nxc6 bxc6 15. Na4 Bxb2 16. Nxb2 Qf6 17. Nc4 Nc5 18. Qf3 {[%emt 0:00:54] [#]} (18. e5 $11 {remains equal.} dxe5 19. Qd2) 18... Nxe4 $1 $17 19. Qxf6 Nxf6 20. Na5 c5 21. c4 Re6 22. Kf1 Rae8 23. Rxe6 fxe6 {[%emt 0:00:04][%mdl 4096] Endgame KRN-KRN} ({Inferior is} 23... Rxe6 24. Nc6 $15) 24. a3 Rb8 25. Ke2 Kf7 26. Kd3 Ke8 27. Re1 {[%emt 0:00:03] [#]} Kd7 28. Kc3 d5 (28... Rf8 $19 {White must now prevent ...Nh5.} 29. Kd2 Nh5) 29. Rd1 $2 {[%emt 0:00:03] Loses the game.} (29. Kc2 $17 {was worth a try.}) 29... Ne4+ $19 30. Kc2 Nxf2 31. Rf1 Rf8 32. b4 cxb4 33. axb4 Rf6 34. Nb3 Ne4 (34... dxc4 $2 {too greedy.} 35. Nc5+ Kc6 36. Ra1 $19) 35. Rd1 Rf2+ 36. Kc1 c6 (36... Rxg2 $2 37. cxd5 Rg3 38. dxe6+ Kxe6 39. Nd4+ Kf6 40. Re1 $19) 37. cxd5 cxd5 {[%emt 0:00:02] Black is clearly winning.} (37... exd5 $2 {loses.} 38. Nd4 $19) 38. g4 Rf3 {[%emt 0:00:03][%csl LRb3,LRh3] Prevents Rd3.} 39. Nd4 Rxh3 40. b5 axb5 41. Nxb5 Nc3 42. Nxc3 Rxc3+ 43. Kd2 Rg3 44. Rh1 h6 45. Rh4 Kd6 {[%emt 0:00:02] Weighted Error Value: White=0.49/Black=0.04 (flawless)} 0-1

[Event "4th Tata Steel India Blitz Women 2022"]
[Site "Kolkota"]
[Date "2022.12.04"]
[Round "17.4"]
[White "Kulkarni Bhakti"]
[Black "Koneru, Humpy"]
[Result "0-1"]
[ECO "E14"]
[WhiteElo "2359"]
[BlackElo "2574"]
[Annotator "TA"]
[PlyCount "82"]
[EventDate "2022.11.29"]
[EventType "tourn"]
[EventCountry "IND"]
[SourceTitle "playchess.com"]
[Source "ChessBase"]
[SourceQuality "1"]
[TimeControl "180+2"]

1. d4 Nf6 2. Nf3 b6 3. e3 Bb7 4. Bd3 e6 5. O-O d5 6. b3 Bd6 7. c4 Nbd7 8. Bb2 {[%emt 0:00:03] 8.cxd5 injects fresh life into this line.} O-O 9. Ne5 dxc4 {[%emt 0:01:04] E14: Queen's Indian: Classical Variation (4 e3).} 10. bxc4 Bxe5 11. dxe5 Ne4 {[%emt 0:00:02] [#] The position is equal.} 12. f3 $146 (12. Qg4 {keeps more tension.} Nec5 13. Bc2 f6 14. exf6 Nxf6 15. Qe2) ({Predecessor:} 12. Qe2 Qe7 13. f3 Ndc5 14. Bxe4 {1-0 (14) Lagergren,H (1877)-Hellstroem,A ICCF email 2020}) 12... Nec5 13. Bc2 $1 Qg5 14. Qe2 (14. Qe1 $11 {keeps the balance.}) 14... Rad8 ({Black should try} 14... Nxe5 $17 15. Nd2 Rfd8) 15. f4 $11 Qe7 16. Nd2 Nb8 17. Rad1 Nc6 18. Nf3 (18. Ba3 $14) 18... Nb4 {[%emt 0:00:04] [#]} (18... Rxd1 $11 {remains equal.} 19. Rxd1 Nb4) 19. Bb1 (19. Bxh7+ $1 $16 Kxh7 20. Ng5+ Kg8 21. Qh5) 19... Be4 20. Ba3 (20. Bxe4 $5 Nxe4 21. Nd4 $11) 20... a5 21. Nd4 Bxb1 22. Rxb1 Rd7 23. h3 f6 24. exf6 Qxf6 {[%emt 0:00:01] aiming for ...Ne4.} 25. Bxb4 axb4 26. Rxb4 e5 (26... Ne4 {looks sharper.} 27. Qc2 Rxd4 28. Kh2 Nd2) 27. fxe5 Qxe5 {[%emt 0:00:01] White must now prevent ...Rxf1+.} 28. Rxf8+ Kxf8 29. Rb1 Kg8 {[%emt 0:00:01] Strongly threatening ...Rxd4. Active counter play!} 30. Rf1 h6 {[%emt 0:00:01][%cal Od7d4] Threatens to win with ...Rxd4!} (30... Rxd4 $2 31. Qf2 $18) (30... Ne4 {is interesting.} 31. Qg4 Nc5 32. Nf5 Kh8) 31. Qf3 Qe8 32. Nf5 Kh7 33. Qg4 Rf7 (33... g6 $5 34. Nh4 Qxe3+ 35. Rf2 Qe1+ 36. Rf1 Qe8 $15) 34. Qh5 Qf8 {[%emt 0:00:02] ...g6 is the strong threat.} 35. g4 $2 {[%emt 0:00:06][%mdl 8192] Now White is beyond hope.} (35. Ng3 $11 {and White stays safe.} Rxf1+ 36. Nxf1) 35... g6 $19 {[%emt 0:00:02][%mdl 64] [#] Deflection, Double Attack} 36. Qh4 gxf5 37. gxf5 Rxf5 38. Rd1 (38. Rxf5 Qxf5 39. Qe7+ Kg6 40. Qxc7) 38... Qg7+ {[%emt 0:00:03] Black is clearly winning.} 39. Kh1 Rf7 40. Rg1 Qf6 41. Qg4 Qf3+ {[%emt 0:00:02] Weighted Error Value: White=0.48/Black=0.30} 0-1

[Event "4th Tata Steel India Blitz Women 2022"]
[Site "Kolkota"]
[Date "2022.12.04"]
[Round "17.5"]
[White "Harika, Dronavalli"]
[Black "Muzychuk, Mariya"]
[Result "1-0"]
[ECO "A05"]
[WhiteElo "2507"]
[BlackElo "2528"]
[Annotator "TA"]
[PlyCount "127"]
[EventDate "2022.11.29"]
[EventType "tourn"]
[EventCountry "IND"]
[SourceTitle "playchess.com"]
[Source "ChessBase"]
[SourceQuality "1"]
[TimeControl "180+2"]

1. b3 c5 2. Bb2 d5 3. Nf3 Nc6 4. g3 Nf6 5. Bg2 g6 6. d4 cxd4 7. Nxd4 Bg7 8. O-O O-O 9. c4 {[%emt 0:00:13] A05: Réti Opening: 1 Nf3 Nf6.} Nxd4 10. Bxd4 dxc4 11. bxc4 {[%emt 0:00:03] The position is equal.} Qc7 {[%emt 0:00:03] Strongly threatening ...Rd8.} 12. Qb3 Rd8 13. e3 e5 {[%emt 0:00:25] [#]} 14. Bb2 $146 (14. Bc3 $11) ({Predecessor:} 14. Bc3 Nd7 15. Na3 a6 16. Nc2 Nc5 17. Qa3 e4 18. Bd4 Bf8 19. Qc3 f5 20. f3 exf3 21. Bxf3 {1-0 (31) Abakarov,A (2159)-Velikanov,I (2231) Sochi 2018}) 14... Be6 $15 15. Na3 (15. Qxb7 $2 Qxb7 16. Bxb7 Rab8 17. Bxe5 Rxb7 $19) 15... Rac8 16. Rfd1 (16. Qxb7 $2 Qxb7 17. Bxb7 Rb8 $19) 16... b6 (16... Bxc4 $2 17. Rxd8+ (17. Qxb7 Rxd1+ 18. Rxd1 Bxa2 $14) 17... Rxd8 18. Nxc4 $18) 17. Nb5 Qb8 18. Rxd8+ Rxd8 19. Nc3 Rd3 {[%emt 0:00:23] Against Nd5} 20. Bf1 Rd2 21. Rd1 Qd8 22. Nd5 Rxd1 (22... Ne4 {keeps more tension.} 23. Rxd2 Nxd2 24. Qa4 Nxf1 25. Kxf1 Qd7) 23. Qxd1 Qb8 (23... Ne4 $11 {keeps the balance.}) 24. Ne7+ $1 $16 Kh8 {[%emt 0:00:00] [#]} 25. Nc6 {[%emt 0:00:01] White is more active.} ({Better is} 25. Bxe5 $1 $16 Qf8 (25... Qe8 26. Qd6) 26. Qd6) 25... Qc7 $14 26. Nxe5 (26. Bxe5 $2 {perishes.} Qxc6 27. Qd4 Ne8 $19) (26. Qd8+ {simplifies} Qxd8 27. Nxd8 Nd7 28. Nxe6 fxe6 29. Bh3) 26... Ne4 (26... Nd7 $11 {remains equal.} 27. Nd3 Qxc4) 27. Qd4 (27. Qf3 $5 Bxe5 28. Qf4 $16) 27... Nc5 (27... Bxe5 $14 28. Qxe5+ Qxe5 29. Bxe5+ Kg8) 28. Bg2 (28. Qf4 $16 {[%cal Oe5g6] aiming for Nxg6+!} Qc8 29. Bd4 (29. Nxf7+ Bxf7 30. Qxf7 Bxb2 $17)) 28... f5 (28... Kg8 $11) 29. Bd5 $16 Kg8 $2 {[%emt 0:00:08] [#]} (29... Qxe5 $16 {is a better defense.} 30. Qxe5 Bxe5 31. Bxe5+ Kg8) 30. Bxe6+ $1 $18 Nxe6 31. Qd5 Qe7 32. Nc6 Qf7 33. Nd8 Nxd8 34. Qxd8+ Qf8 35. Qxf8+ Bxf8 {[%emt 0:00:00][%mdl 4096] Endgame KB-KB} 36. Kf1 Kf7 37. Ke2 Ke6 38. Kd3 (38. h3 $18) 38... Bb4 39. f3 h5 40. Bd4 Be1 $2 (40... Be7 $16 {is tougher.} 41. f4 g5 42. fxg5 Bxg5) 41. e4 $2 (41. Bc3) 41... h4 42. gxh4 Bxh4 43. h3 Bg3 44. c5 bxc5 (44... fxe4+ $16 45. fxe4 (45. Kxe4 bxc5 46. Bxc5 a6 $16) 45... b5) 45. Bxc5 a6 46. Bd4 Bd6 47. Kc4 fxe4 48. fxe4 Be7 49. a4 Bd6 50. Bc5 {[%emt 0:00:03] Bxd6 would kill now.} Bf4 51. Bd4 $2 (51. Bb4 $18) 51... Bg3 $2 (51... Bd6 $11) 52. Kc5 {[%emt 0:00:03] Intending Kb6 and mate.} Bc7 53. Kc6 Bd8 54. Kb7 a5 55. Ka6 {[%emt 0:00:00] White mates.} Bc7 {[%emt 0:00:02] [#]} 56. Kb5 $1 Bd8 57. Bc3 Bc7 58. Bxa5 Be5 59. Bb6 Kd7 60. a5 Bf4 61. a6 Kc8 62. Kc6 Kb8 63. Kd5 g5 64. e5 {[%emt 0:00:02] Weighted Error Value: White=0.25 (precise) /Black=0.62} 1-0

[Event "4th Tata Steel India Blitz Women 2022"]
[Site "Kolkota"]
[Date "2022.12.04"]
[Round "18.1"]
[White "Savitha Shri B"]
[Black "Harika, Dronavalli"]
[Result "0-1"]
[ECO "B00"]
[WhiteElo "2411"]
[BlackElo "2507"]
[Annotator "TA"]
[PlyCount "82"]
[EventDate "2022.11.29"]
[EventType "tourn"]
[EventCountry "IND"]
[SourceTitle "playchess.com"]
[Source "ChessBase"]
[SourceQuality "1"]
[TimeControl "180+2"]

1. e4 Nc6 2. d4 e5 3. d5 Nce7 4. Nc3 Ng6 5. Be3 d6 {[%emt 0:00:03] [#]} 6. Qd2 $146 {[%emt 0:00:13] B00: Queen's Fianchetto Defence, Nimzowitsch Defence.} ({Predecessor:} 6. Bb5+ Bd7 7. Bxd7+ Qxd7 8. Qf3 Be7 9. g3 Nf6 10. h3 c5 11. Nge2 h5 12. Qg2 {½-½ (40) Kotilainen,A (2061)-Tauriainen,M (2138) Kajaani 2012}) 6... Be7 7. O-O-O a6 8. g3 {[%emt 0:00:11] White is slightly better.} Nf6 9. f4 Ng4 10. Nf3 Nxe3 11. Qxe3 Bg4 12. Kb1 Bf6 13. h3 (13. f5 {simplifies} Bxf3 14. Qxf3 Nf8 15. h4) 13... Bxf3 14. Qxf3 exf4 15. gxf4 O-O 16. Ne2 Re8 {[%emt 0:00:04] Against h4} 17. Ng3 c6 {[%emt 0:00:45] Prevents h4.} (17... Nh4 $14 18. Qf2 Ng6) 18. dxc6 $16 Qb6 {[%emt 0:00:02][%csl Gf6][%cal Rb6b2] [#]} 19. e5 ({Better is} 19. c3 $16) 19... dxe5 $11 20. Ne4 {[%emt 0:00:01] Hoping for f5.} (20. cxb7 {looks sharper.} Rad8 21. Rxd8 Rxd8 22. Ne4) 20... Qxc6 {[%emt 0:00:07] Strongly threatening ...Rad8.} (20... bxc6 21. Nxf6+ gxf6 22. fxe5 $16) 21. f5 (21. Rd6 $11 Qc7 22. Rxf6 exf4 23. Rxg6 (23. Rf5 Qd7 $17) 23... hxg6 24. Bd3) 21... Nf4 $40 {[%emt 0:00:13][%mdl 128] White needs to defend precisely. White is now going downhill.} 22. Rg1 (22. Rd6 $15 Qc7 23. Nxf6+ gxf6 24. Rg1+ Kh8 25. Rxf6) 22... Red8 $17 23. Bd3 Kh8 24. h4 Rd4 25. h5 (25. Ng5 $17) 25... h6 ({Black should try} 25... Rad8 $19 26. a3 h6) 26. Qe3 (26. c3 $17 Rd7 27. Bc2) 26... Rad8 $19 (26... Nxh5 27. c3 Rd7 28. Bc2 Rxd1+ 29. Rxd1) 27. a3 b5 (27... Nxh5 $2 28. c3 R4d7 29. Bc2 $19) 28. Rgf1 a5 (28... Nxh5 $2 29. c3 R4d5 30. Bc2 $19) 29. Nc3 $2 {[%emt 0:00:02] [#]} (29. Nxf6 Qxf6 30. Rfe1) 29... b4 (29... Nxh5 $2 {too greedy.} 30. Be2 Nf4 31. Qf3 Rxd1+ 32. Rxd1 Rxd1+ 33. Bxd1 $19) 30. axb4 axb4 ({Weaker is} 30... Nxh5 31. b5 Qc7 32. Ne4 $11) (30... Rxb4 $2 {perishes.} 31. Be4 Qc4 32. Rxd8+ Bxd8 33. Re1 $19) 31. Ne2 Nxe2 32. Qxe2 e4 33. Bxe4 Rxd1+ 34. Rxd1 Rxd1+ 35. Qxd1 Qxe4 36. Qd7 Qd4 {[%emt 0:00:08][%csl Gf6][%cal Rd4b2] Black mates.} 37. Qc8+ Kh7 38. Kc1 Qxb2+ 39. Kd1 Qd4+ 40. Kc1 Qa1+ 41. Kd2 Qc3+ {[%emt 0:00:01] Weighted Error Value: White=0.79/Black=0.20 (precise)} 0-1

[Event "4th Tata Steel India Blitz Women 2022"]
[Site "Kolkota"]
[Date "2022.12.04"]
[Round "18.2"]
[White "Koneru, Humpy"]
[Black "Kiolbasa, Oliwia"]
[Result "1-0"]
[ECO "D63"]
[WhiteElo "2574"]
[BlackElo "2406"]
[Annotator "TA"]
[PlyCount "99"]
[EventDate "2022.11.29"]
[EventType "tourn"]
[EventCountry "IND"]
[SourceTitle "playchess.com"]
[Source "ChessBase"]
[SourceQuality "1"]
[TimeControl "180+2"]

1. d4 d5 2. c4 e6 3. Nf3 Nf6 4. Nc3 Nbd7 5. Bg5 Be7 6. e3 h6 7. Bh4 O-O 8. Rc1 c5 {[%emt 0:00:15] D63: Queen's Gambit Declined: Classical: 7 Rc1.} 9. dxc5 Qa5 {[%emt 0:01:29] Inhibits b4. 9...Nxc5 gains popularity.} (9... Nxc5 $11 {was preferrable.} 10. cxd5 g5) 10. cxd5 {[%emt 0:00:39] [#]} Nxd5 $146 {[%emt 0:00:10] White has an edge.} ({Predecessor:} 10... Nxc5 11. dxe6 Bxe6 12. Be2 Nce4 13. O-O Nxc3 14. Rxc3 Qxa2 15. Qc2 Rfd8 16. Nd4 Bd5 {0-1 (39) Oknayan,K (1748)-Gamba,M Beirut 2014}) 11. Bxe7 Nxe7 12. Bd3 (12. Be2 $14) 12... Nxc5 $11 {[%emt 0:00:16] And now ...Rd8 would win.} 13. Bb1 Nd7 (13... Rd8 {is more complex.} 14. Nd2 b5 15. a3 b4) 14. O-O (14. Qd4 {with more complications.} Rd8 15. Rd1 Nc6 16. Qc4) 14... Nf6 15. Qd6 Nf5 16. Qe5 Qxe5 17. Nxe5 Rd8 18. Rfd1 Bd7 19. g4 (19. Nxd7 {simplifies} Nxd7 20. Bxf5 exf5 21. Rd5) 19... Ne7 20. h4 (20. Kg2 {looks sharper.} Bc6+ 21. Kg3 g5 22. h4) 20... Be8 21. g5 $36 {[%emt 0:00:02][%mdl 2048] White is more active.} hxg5 22. hxg5 Nfd5 23. Nxd5 Nxd5 (23... Rxd5 {simplifies} 24. Rxd5 Nxd5 25. Be4 Rd8) 24. Be4 f6 25. gxf6 gxf6 26. Nf3 Bf7 (26... Bc6 $11) 27. Bxd5 $1 $16 {[%emt 0:00:03] White is more active.} exd5 {[%emt 0:00:01] [#]} 28. Nd4 (28. Rc7 $1 $16) 28... Rac8 $14 29. Kg2 Bg6 30. Kg3 Kf7 31. Nb5 {[%emt 0:00:04] Rxc8 is the strong threat.} Rxc1 32. Rxc1 {[%emt 0:00:01][%mdl 4096] Endgame aiming for Rc7+. KRB-KRN} a6 33. Rc7+ Ke8 34. Nd4 Rd7 35. Rc8+ Ke7 36. Kf4 Kd6 37. Rg8 Bh7 38. Rf8 Ke7 39. Rh8 Kd6 40. a3 Bd3 41. Rh6 Ke7 42. Nf5+ (42. f3 $16) 42... Ke6 $1 $11 43. Nd4+ (43. Nh4 $11) 43... Ke7 $1 $16 44. f3 Rc7 45. Nf5+ Bxf5 (45... Ke6 $14 46. Nd4+ Kf7) 46. Kxf5 {[%emt 0:00:01] White wants to mate with Rh7+.} b5 $2 {[%emt 0:00:03][%mdl 8192] [#] A mistake that costs the game.} (46... Rc5 $16) 47. Rh7+ $1 {[%emt 0:00:01] White mates.} ({Weaker is} 47. Rxf6 Rc2 $16) 47... Kd6 48. Rxc7 Kxc7 49. Kxf6 Kd6 50. f4 {[%emt 0:00:02] Weighted Error Value: White=0.12 (very precise) /Black=0.30} 1-0

[Event "4th Tata Steel India Blitz Women 2022"]
[Site "Kolkota"]
[Date "2022.12.04"]
[Round "18.3"]
[White "Muzychuk, Mariya"]
[Black "Dzagnidze, Nana"]
[Result "0-1"]
[ECO "C10"]
[WhiteElo "2528"]
[BlackElo "2517"]
[Annotator "TA"]
[PlyCount "106"]
[EventDate "2022.11.29"]
[EventType "tourn"]
[EventCountry "IND"]
[SourceTitle "playchess.com"]
[Source "ChessBase"]
[SourceQuality "1"]
[TimeControl "180+2"]

1. e4 c5 2. Nf3 e6 3. c3 d5 4. exd5 Qxd5 5. d4 Nf6 6. Na3 Nc6 7. Be3 cxd4 8. Nb5 Qd8 9. Nbxd4 Nxd4 10. Bxd4 Be7 11. Bd3 O-O 12. O-O b6 {[%emt 0:00:22] C10: French with 3 Nc3: Unusual Black 3rd moves and 3...dxe4.} 13. Qc2 h6 14. Rad1 {[%emt 0:00:03] Bxf6 is the strong threat.} Qe8 $1 {[%emt 0:00:06] White has an edge.} 15. a4 Bb7 16. Ne5 {[%emt 0:00:04] [#]} Bc5 $146 ({Predecessor:} 16... Qc8 17. Be2 Be4 18. Bd3 Bxd3 19. Rxd3 Qb7 20. Rfd1 Nh5 21. Be3 Rad8 22. Rd7 Rxd7 23. Rxd7 {1-0 (64) Meyer,I (1985)-Lange,A (1652) Bremen 2013}) 17. Bb5 (17. Bxc5 {simplifies} bxc5 18. Rfe1 Qc8 19. Bb5) 17... Qe7 18. Nc6 Bxc6 19. Bxc6 {[%emt 0:00:00] Hoping for Bxf6.} Rad8 20. Bxc5 Qxc5 21. Bf3 g5 22. h3 Kg7 23. Rd2 Rxd2 24. Qxd2 Qc4 25. Ra1 Rc8 26. a5 Rc7 27. axb6 axb6 28. Ra8 Rd7 29. Qe3 Qb5 30. b4 Qc4 31. Qxb6 Qxc3 32. Qb8 $2 (32. Qc5 $11 {and White stays safe.} Qxc5 33. bxc5) 32... Qc1+ (32... Qe1+ $1 $19 {has better winning chances.} 33. Kh2 Qxf2) 33. Kh2 $17 {[%emt 0:00:01] [#]} Qf4+ ({Black should try} 33... Qd2 $1 $17 34. Ra3 Qb2) 34. Qxf4 $11 gxf4 {[%emt 0:00:01][%mdl 4096] Endgame KRB-KRN} 35. b5 Nd5 36. Rb8 Rd6 $1 {[%emt 0:00:02] Prevents b6.} 37. h4 Kf6 38. g3 fxg3+ 39. fxg3 Nb6 40. g4 Nc4 41. Kg3 Rd3 {[%emt 0:00:01] And now ...Ne5 would win.} 42. Kf2 Rb3 43. Be2 Rb2 44. Ke1 Ne5 45. Rb7 Rb4 46. b6 Nxg4 47. Rb8 (47. Rc7 $11 {remains equal.}) 47... Ne5 $17 48. Ba6 $2 {[%emt 0:00:04] This costs White the game.} (48. Rb7 $17 {was necessary.}) 48... Nc6 ({Resist} 48... Rxh4 49. Rd8 $18) (48... Nd7 $142 49. Rb7 Nc5) 49. Rh8 $2 (49. Rb7) 49... Rxb6 $19 ({Don't play} 49... Rxh4 50. b7 Rb4 51. Rc8 $18) 50. Bd3 Kg7 51. Rh7+ {[%emt 0:00:00] [#]} Kg8 $1 52. Rxh6 Ne5 53. Kd2 (53. Bc2) 53... Rd6 {[%emt 0:00:06] Weighted Error Value: White=0.37/Black=0.11 (very precise)} 0-1